AoeStats
← Perniicek

Black Forest

507989134Analyzed
2v2 RM · 13d ago on Sep 20, 2026· 50m 36s· 4 players
Game mode
Random Map
Map size
Medium (4 player)
Population
200
Speed
Normal
Resources
Standard
Victory
Conquest
Starting age
Dark Age
Ending age
Imperial Age
RankedLock teamsTeams togetherTeam positionsShared explorationLock speedFull tech treeHidden civsTurbo modeCheats
Victory
Defeat
🇮🇳 Saracens · India
817
+11
🇹🇷 Franks · Türkiye
656
+17
🇨🇿 Lithuanians · Czechia
745
-30
🇮🇹 Jurchens · Italy
650
-12
oguayd
0:40 Loom
15:26 Feudal Age
15:52 Double-Bit Axe
16:59 Wheelbarrow
28:20 Castle Age
26:23 Stone Mining
26:24 Gold Mining
29:40 Hand Cart
30:10 Gold Shaft Mining
30:55 Bow Saw
32:57 Elite Skirmisher
38:04 Forging
37:45 Fletching
37:56 Padded Archer Armor
37:56 Scale Mail Armor
38:02 Scale Barding Armor
38:22 Ballistics
39:00 Pikeman
39:41 Squires
39:27 Arson
43:34 Imperial Age
41:19 Husbandry
42:35 Iron Casting
41:56 Bodkin Arrow
44:26 Caravan
44:57 Coinage
45:32 Chain Barding Armor
45:27 Chain Mail Armor
45:28 Leather Archer Armor
46:13 Blast Furnace
46:22 Chemistry
45:09 Arrowslits
46:59 Cavalier
48:39 Plate Barding Armor
48:46 Plate Mail Armor
48:49 Chivalry
49:26 Hoardings
49:19 Conscription
50:26 Light Cavalry
BLYAAAT
5:07 Loom
11:29 Feudal Age
10:18 Loom
11:56 Double-Bit Axe
14:08 Horse Collar
24:19 Castle Age
27:41 Heavy Plow
28:02 Bow Saw
34:53 Imperial Age
35:27 Elite Mameluke
36:19 Gold Mining
36:57 Caravan
37:28 Scale Barding Armor
39:11 Chemistry
39:10 Chain Barding Armor
39:26 Conscription
39:31 Husbandry
39:41 Bloodlines
39:46 Forging
40:59 Ballistics
41:30 Iron Casting
41:45 Plate Barding Armor
43:16 Blast Furnace
44:36 Counterweights
Peppe_04
0:28 Loom
14:08 Feudal Age
18:12 Double-Bit Axe
25:20 Castle Age
26:13 Horse Collar
27:16 Bow Saw
27:30 Heavy Plow
34:31 Imperial Age
36:50 Two-Man Saw
36:53 Wheelbarrow
36:04 Town Watch
36:05 Capped Ram
36:12 Pikeman
36:56 Squires
36:42 Arson
37:38 Crop Rotation
38:30 Caravan
39:10 Hand Cart
38:56 Town Patrol
40:23 Elite Skirmisher
40:55 Siege Ram
47:05 Halberdier
Perniicek
12:16 Feudal Age
17:34 Castle Age
15:55 Double-Bit Axe
20:31 Bow Saw
21:54 Stone Mining
23:18 Horse Collar
24:37 Fervor
25:54 Wheelbarrow
25:26 Heavy Plow
26:16 Stone Shaft Mining
27:35 Gold Mining
29:21 Hand Cart
31:55 Imperial Age
29:58 Murder Holes
30:25 Ballistics
31:21 Husbandry
32:28 Bloodlines
33:45 Two-Man Saw
33:17 Crop Rotation
32:15 Cavalier
33:58 Conscription
34:45 Elite Leitis
35:54 Paladin
38:28 Scale Barding Armor
39:38 Forging
39:49 Chain Barding Armor
39:20 Fletching
40:57 Iron Casting
40:18 Bodkin Arrow
41:06 Plate Barding Armor
41:01 Bracer
43:02 Scale Mail Armor
43:10 Pikeman
43:54 Squires
44:10 Tower Shields
44:43 Chain Mail Armor
44:03 Halberdier
Connection lost

Rejoining the realm…

Still unreachable

The connection could not be restored.

Session expired

The server has moved on; the page needs a fresh start.